 Dungeon Crawl Stone Soup version 0.21-a0-39-g28ea6b7 (webtiles) character file.

91 tilp the Firebug (level 4, 0/33 HPs)
             Began as a Hill Orc Fire Elementalist on May 30, 2017.
             Killed from afar by an orc wizard (6 damage)
             ... with a magic dart
             ... on level 3 of the Dungeon.
             The game lasted 00:06:30 (2495 turns).

tilp the Firebug (Hill Orc Fire Elementalist)       Turns: 2495, Time: 00:06:31

Health: 0/33       AC:  2    Str: 10    XL:     4   Next: 59%
Magic:  2/8        EV: 12    Int: 16    God:
Gold:   59         SH:  0    Dex: 11    Spells: 2/8 levels left

rFire    . . .     SeeInvis .   y - +0 war axe
rCold    . . .     Gourm    .   (no shield)
rNeg     . . .     Faith    .   a - +0 robe
rPois    .         Spirit   .   (no helmet)
rElec    .         Reflect  .   (no cloak)
rCorr    .         Harm     .   (no gloves)
MR       .....                  (no boots)
Stlth    ++........             (no amulet)
Regen    0.2/turn               (no ring)
MPRegen  0.2/turn               (no ring)

@: very slightly contaminated
A: no striking features
a: no special abilities


You were on level 3 of the Dungeon.
You were not hungry.

You visited 1 branch of the dungeon, and saw 3 of its levels.

You collected 59 gold pieces.

Inventory:

Hand Weapons
 e - a +0 short sword
 y - a +0 war axe (weapon)
Armour
 a - a +0 robe (worn)
Wands
 x - a wand of confusion (37/48)
Scrolls
 f - a scroll of identify {unknown}
 g - a scroll of random uselessness {unknown}
 h - a scroll of enchant armour {unknown}
 i - 2 scrolls of remove curse {unknown}
 l - a scroll of enchant weapon {unknown}
 q - 2 scrolls of teleportation {unknown}
 s - a scroll of fear {unknown}
 t - a scroll of immolation {unknown}
Potions
 j - a potion of degeneration {unknown}
 k - a potion of lignification {unknown}
 m - 2 potions of curing {unknown}
 n - a potion of cancellation {unknown}
 p - a potion of might {unknown}
 u - a potion of heal wounds {unknown}
 v - 2 potions of flight {unknown}
Books
 b - a book of Flames

   Spells                             Type                      Level
   a - Flame Tongue                   Conjuration/Fire             1
   b - Throw Flame                    Conjuration/Fire             2
   c - Conjure Flame                  Conjuration/Fire             3
   d - Inner Flame                    Hexes/Fire                   3
   e - Sticky Flame                   Conjuration/Fire             4
   f - Fireball                       Conjuration/Fire             5
Comestibles
 c - a bread ration
 d - 2 fruits
 o - 3 royal jellies
 w - a meat ration


   Skills:
 - Level 1.5 Dodging
 - Level 1.5 Stealth
 * Level 2.7 Spellcasting
 + Level 1.2 Conjurations
 + Level 4.5 Fire Magic


You had 2 spell levels left.
You knew the following spells:

 Your Spells              Type           Power        Failure   Level  Hunger
a - Flame Tongue          Conj/Fire      ##...        6%          1    #......
b - Throw Flame           Conj/Fire      ##....       9%          2    ##.....
c - Conjure Flame         Conj/Fire      ##......     19%         3    ###....


Dungeon Overview and Level Annotations

Branches:
Dungeon (3/15)

Altars:


Message History

A magic dart appears from out of thin air!
The magic dart hits you!
You hear some strange, mumbled words.
A puff of flame appears from out of thin air!
The puff of flame hits you!
* * * LOW HITPOINT WARNING * * *
An orc wizard appears from thin air!
Reactivating autopickup.
The orc wizard hits you with a dagger.
* * * LOW HITPOINT WARNING * * *
You slash the orc wizard!
The orc wizard is severely wounded.
The orc wizard closely misses you.
The orc wizard hits you but does no damage.
You barely miss the orc wizard.
The orc wizard is severely wounded.
The orc wizard closely misses you.
The orc wizard gestures at you while chanting.
The magic dart hits you!
You die...

..# ###...##### ..#
#.........# ..####
#.........# ##...##
#.........# #.....#####
#.........# ..........#
#.........#
##...####.####.........#
#...# #...()....>....#
#####
###.##..@oo....#####
#.########.......# #.#
######.## #.# #.# ≈.#
#.# ≈.# #o# ≈.# #.# ≈≈.#
#.# #.#######


You could see an orc wizard and an orc.

Vanquished Creatures
  3 gnolls (D:2)
  An adder (D:2)
  An ooze (D:1)
  2 worms
  A dart slug (D:1)
  A leopard gecko (D:1)
  2 orcs (D:3)
  2 bats (D:1)
  5 giant cockroaches
  2 hobgoblins
  A quokka (D:3)
  5 frilled lizards
  10 kobolds
  5 rats
41 creatures vanquished.

Notes
Turn   | Place    | Note
-------+----------+-------------------------------------------
     0 | D:1      | tilp the Hill Orc Fire Elementalist began the quest for the Orb.
     0 | D:1      | Reached XP level 1. HP: 14/14 MP: 3/3
   264 | D:1      | Reached XP level 2. HP: 19/20 MP: 4/4
   975 | D:1      | Reached skill level 4 in Fire Magic
   975 | D:1      | Reached XP level 3. HP: 26/26 MP: 3/6
  1185 | D:2      | Reached XP level 4. HP: 25/33 MP: 4/7
  1609 | D:2      | Learned a level 2 spell: Throw Flame
  1613 | D:2      | Learned a level 3 spell: Conjure Flame
  2495 | D:3      | Killed from afar by an orc wizard

Vault maps used:
D:1:      erik_arrival_triangle_large
D:2:      supply_closet_lemuel
D:3:      cheibrodos_thug_alley, uniq_natasha

Skill      XL: |  1  2 |
---------------+-------+-----
Spellcasting   | 2 |  2.7
Fire Magic     | 4 |  4.5
Dodging        | |  1.5
Stealth        | |  1.5
Conjurations   | |  1.2

Action                   |  1- 3 |  4- 6 || total
-------------------------+-------+-------++-------
Melee: Short sword       |    49 |    46 ||    95
       War axe           |       |     3 ||     3
 Cast: Flame Tongue      |    24 |    27 ||    51
       Throw Flame       |       |     3 ||     3
 Stab: Sleeping          |     4 |     1 ||     5
  Eat: Chunk             |     1 |     3 ||     4
       Royal jelly       |       |     1 ||     1
Armor: Robe              |    10 |     7 ||    17
Dodge: Dodged            |    47 |    34 ||    81
